 Dungeon Crawl Stone Soup version 0.25.1-1-g288607f5aa (webtiles) character file.

Game seed: 1487758176685220412

47 Delamore the Cudgeler (level 3, -17/23 HPs)
             Began as a Gargoyle Fighter on July 18, 2020.
             Demolished by an ogre
             ... wielding a +0 giant spiked club
              (20 damage)
             ... on level 2 of the Dungeon.
             The game lasted 00:01:20 (1606 turns).

Delamore the Cudgeler (Gargoyle Fighter)            Turns: 1606, Time: 00:01:21

Health: -17/23     AC: 14    Str: 20    XL:     3   Next: 70%
Magic:  3/3        EV:  3    Int:  8    God:
Gold:   79         SH:  9    Dex:  9    Spells: 2/2 levels left

rFire    . . .     SeeInvis .   a - +0 flail
rCold    . . .     Gourm    .   c - +0 kite shield
rNeg     + . .     Faith    .   g - +0 plate armour
rPois    ∞         Spirit   .   (no helmet)
rElec    +         Reflect  .   (no cloak)
rCorr    .         Harm     .   (no gloves)
MR       .....                  (no boots)
Stlth    ..........             (no amulet)
HPRegen  0.07/turn              (no ring)
MPRegen  0.08/turn              (no ring)

@: mighty
A: negative energy resistance 1, electricity resistance, unbreathing,
petrification resistance, rot immunity, AC +3
a: no special abilities


You were on level 2 of the Dungeon.
You were not hungry.

You visited 1 branch of the dungeon, and saw 2 of its levels.

You collected 79 gold pieces.

Inventory:

Hand Weapons
 a - a +0 flail (weapon)
Armour
 b - a +0 scale mail
 c - a +0 kite shield (worn)
 g - a +0 plate armour (worn)
Jewellery
 m - a cursed ring of attention {unknown}
Wands
 r - a wand of iceblast (9)
Scrolls
 k - 2 scrolls of magic mapping {unknown}
 l - a scroll of identify {unknown}
Potions
 e - a potion of stabbing {unknown}
 h - a potion of berserk rage {unknown}
 i - a potion of resistance {unknown}
 j - a potion of heal wounds {unknown}
 n - 2 potions of curing {unknown}
 p - 2 potions of flight {unknown}
 q - 2 potions of haste {unknown}
Comestibles
 f - 3 rations
 o - 6 chunks of flesh


   Skills:
 - Level 3.2 Fighting
 + Level 3.9 Maces & Flails
 - Level 3.2 Armour
 - Level 3.2 Shields


You had 2 spell levels left.
You didn't know any spells.
Your spell library was empty.

Dungeon Overview and Level Annotations

Branches:
Dungeon (2/15)

Altars:
Trog


Innate Abilities, Weirdness & Mutations

You are resistant to torment.
Your stone body is resilient. (AC +3)
You are immune to poison.
You resist negative energy. (rN+)
You are resistant to electric shocks. (rElec)
You can survive without breathing.
You are immune to petrification.
You are immune to rotting.


Message History

Your plate armour prevents you from hitting the ogre.
The ogre is heavily wounded.
The ogre hits you with a +0 giant spiked club!!
Ouch! That really hurt!
* * * LOW HITPOINT WARNING * * *
You are too injured to fight recklessly!
You are too injured to fight recklessly!
You are too injured to fight recklessly!
You are too injured to fight recklessly!
You are too injured to fight recklessly!
You are too injured to fight recklessly!
You are too injured to fight recklessly!
You are too injured to fight recklessly!
Things that are here:
a +0 whip; an emerald ring You see here a stone.
You feel very mighty all of a sudden.
The ogre hits you with a +0 giant spiked club!!
Ouch! That really hurt!
You die...

#.# ##.#..# ##...#
#.###....>#### #..##
#.##.........# #.##
##.##.........# #.#
#.......#.###.#######.#
#......#.#.###..........
#........)...#..######.
#......#.#.#.#..######.#
##..........@O..(.)....#
#####.######..............
#.# #...########.## #.#
#..... #...### .....#
###.#.. #.####


You could see an ogre.

Vanquished Creatures
  An adder (D:2)
  A worm (D:2)
  A dart slug (D:1)
  A leopard gecko (D:1)
  A ball python (D:1)
  3 giant cockroaches
  5 goblins
  3 hobgoblins
  3 jackals (D:1)
  3 kobolds
  A quokka (D:2)
  2 bats
  2 frilled lizards (D:1)
  3 rats
30 creatures vanquished.

Notes
Turn   | Place    | Note
-------+----------+-------------------------------------------
     0 | D:1      | Delamore the Gargoyle Fighter began the quest for the Orb.
     0 | D:1      | Reached XP level 1. HP: 14/14 MP: 1/1
   218 | D:1      | Reached XP level 2. HP: 15/19 MP: 2/2
  1133 | D:2      | Found a bloodstained altar of Trog.
  1162 | D:2      | Reached XP level 3. HP: 14/23 MP: 3/3
  1292 | D:2      | Noticed an ogre
  1606 | D:2      | Demolished by an ogre

Illustrated notes

Levels and vault maps discovered:
D:1:      heliophobic_arrival_henge, layout_basic, nrook_uturn
D:2:      layout_loops_ring, marbit_many_paths, bloody_trog

Skill      XL: |  1  2 |
---------------+-------+-----
Maces & Flails | 3 |  3.9
Fighting       | |  3.2
Armour         | |  3.2
Shields        | |  3.2

Action                   || total
-------------------------++-------
Melee: Flail             ||   110
  Use: Potion            ||     1
  Eat: Chunk             ||     2
Armor: Scale mail        ||    42
       Plate armour      ||    28
Dodge: Dodged            ||    35
Block: Kite shield       ||    80
